[Event "ICC tourney 2109 (75 10)"]
[Site "Internet Chess Club"]
[Date "2020.11.07"]
[Round "4"]
[White "wahoo"]
[Black "Chess121"]
[Result "0-1"]
[ICCResult "White checkmated"]
[WhiteElo "1614"]
[BlackElo "1522"]
[Opening "French: classical, Anderssen variation"]
[ECO "C13"]
[NIC "FR.06"]
[Time "18:01:58"]
[PlyCount "122"]
[TimeControl "4500+10"]

1. e4 e6 2. d4 d5 3. Nc3 Nf6 4. Bg5 Be7 5. Bxf6 Bxf6 6. e5 Be7 7. Bd3 c5 8.
Nf3 Nc6 9. dxc5 Bxc5 10. Qd2 Bb4 11. Bb5 Bd7 12. Bxc6 Bxc6 13. Nd4 Rc8 14.
O-O O-O 15. Qe3 Bxc3 16. bxc3 Qa5 17. Rfb1 b6 18. Rb4 Qc5 19. a4 Bd7 20.
Rb3 Rb8 21. h3 Rfc8 22. Qd3 Qc4 23. Qe3 a5 24. Nb5 Bxb5 25. axb5 Qc5 26.
Qd2 d4 27. Qxd4 Qxd4 28. cxd4 Rxc2 29. Rd3 Rb2 30. d5 Rxb5 31. dxe6 fxe6
32. f4 Rb7 33. Kf2 Kf7 34. Ra4 Rc5 35. Kf3 Rcc7 36. Rb3 Ke7 37. Rd3 Rd7 38.
Rc3 Ra7 39. Rb3 Rdb7 40. Rb5 Kd7 41. Ke4 Kc6 42. Rb3 b5 43. Ra2 a4 44. Rb4
Kc5 45. Rd4 Rd7 46. Rc2+ Kb6 47. Rb4 Rdc7 48. Rd2 Rc4+ 49. Rxc4 bxc4 50.
Ra2 Kc5 51. Ke3 Kb4 52. Kd2 Kb3 53. Ra1 c3+ 54. Kc1 c2 55. g4 Rd7 56. Ra3+
Kxa3 57. Kxc2 Rc7+ 58. Kb1 Kb3 59. f5 a3 60. fxe6 a2+ 61. Ka1 Rc1# { White
checkmated } 0-1

[Event "ICC tourney 2109 (75 10)"]
[Site "Internet Chess Club"]
[Date "2020.11.07"]
[Round "4"]
[White "LediaScorpion"]
[Black "Mapking1"]
[Result "0-1"]
[ICCResult "White resigns"]
[WhiteElo "1956"]
[BlackElo "1807"]
[Opening "King's Indian, 3.Nf3"]
[ECO "A63"]
[NIC "BI.24"]
[Time "18:02:09"]
[PlyCount "94"]
[TimeControl "4500+10"]

1. d4 Nf6 2. Nf3 g6 3. c4 Bg7 4. g3 O-O 5. Bg2 c5 6. d5 d6 7. Nc3 e6 8. O-O
exd5 9. cxd5 a6 10. a4 Re8 11. Re1 Nbd7 12. e4 Rb8 13. Qd3 Ng4 14. Bf4 Nge5
15. Nxe5 Nxe5 16. Bxe5 Bxe5 17. Re2 Bg4 18. Bf3 Qd7 19. Bxg4 Qxg4 20. Rf1
h5 21. f4 Bd4+ 22. Kh1 h4 23. Qf3 Qxf3+ 24. Rxf3 hxg3 25. Rxg3 b5 26. axb5
axb5 27. f5 Kg7 28. fxg6 fxg6 29. Reg2 b4 30. Rxg6+ Kf7 31. Ne2 Bxb2 32.
Rxd6 Rxe4 33. Rd7+ Re7 34. Rf2+ Ke8 35. Rd6 b3 36. Rg6 Kd7 37. d6 Rh7 38.
Nf4 Bd4 39. Rf1 Be5 40. Nd3 Bxd6 41. Rd1 Kc7 42. Ra1 Rxh2+ 43. Kg1 Ra2 44.
Rb1 c4 45. Rg7+ Kc6 46. Nc1 Bc5+ 47. Kf1 Rf8+ { White resigns } 0-1

[Event "ICC tourney 2109 (75 10)"]
[Site "Internet Chess Club"]
[Date "2020.11.07"]
[Round "4"]
[White "JunlinTheWorld"]
[Black "davika21"]
[Result "0-1"]
[ICCResult "White checkmated"]
[WhiteElo "1847"]
[BlackElo "1926"]
[Opening "Scotch gambit: Dubois-Réti defense"]
[ECO "C55"]
[NIC "KP.02"]
[Time "18:02:44"]
[PlyCount "62"]
[TimeControl "4500+10"]

1. e4 e5 2. Nf3 Nc6 3. d4 exd4 4. Bc4 Nf6 5. e5 d5 6. Bb5 Ne4 7. Nxd4 Bd7
8. Bxc6 bxc6 9. O-O Bc5 10. f3 Ng5 11. f4 Ne4 12. Be3 O-O 13. Nd2 Nxd2 14.
Qxd2 Qe7 15. c3 Bb6 16. Rfe1 c5 17. Nf3 Bc6 18. f5 f6 19. Qd3 fxe5 20. Bg5
c4+ 21. Kh1 Qxg5 22. Nxg5 cxd3 23. Rxe5 Rfe8 24. Ne6 d4 25. cxd4 Bxd4 26.
Nxd4 Rxe5 27. Nxc6 Rc5 28. Nd4 Rd8 29. Ne6 d2 30. Nxd8 Rc1+ 31. Rxc1
dxc1=R# { White checkmated } 0-1

[Event "ICC tourney 2109 (75 10)"]
[Site "Internet Chess Club"]
[Date "2020.11.07"]
[Round "4"]
[White "jpbaligad"]
[Black "StevChess01"]
[Result "1-0"]
[ICCResult "Black resigns"]
[WhiteElo "1852"]
[BlackElo "1724"]
[Opening "Sicilian: O'Kelly variation"]
[ECO "B28"]
[NIC "SI.43"]
[Time "18:01:55"]
[PlyCount "93"]
[TimeControl "4500+10"]

1. e4 c5 2. Nf3 a6 3. d4 cxd4 4. Nxd4 Nf6 5. f3 e5 6. Nb3 d5 7. exd5 Qxd5
8. Nc3 Qxd1+ 9. Nxd1 Nc6 10. Bd2 Be7 11. Nc3 O-O 12. O-O-O Be6 13. Bd3 Nb4
14. Be2 Rfd8 15. Be3 Nbd5 16. Nxd5 Nxd5 17. Bf2 Nf4 18. Bf1 Rxd1+ 19. Kxd1
Rc8 20. g3 Nd5 21. c3 Bf5 22. Be2 Rd8 23. Ke1 Bb1 24. a3 Bg6 25. c4 Nf6 26.
Be3 Bd3 27. Nd2 Rd7 28. Bxd3 Rxd3 29. Ke2 Rd7 30. b4 Ne8 31. c5 Nc7 32. Nc4
Nb5 33. Rc1 f6 34. a4 Na7 35. Nb6 Rd8 36. Rd1 Rxd1 37. Kxd1 Nc6 38. b5 axb5
39. axb5 Nd4 40. Bxd4 exd4 41. c6 bxc6 42. bxc6 Bd8 43. Nd5 Kf7 44. c7 Bxc7
45. Nxc7 Ke7 46. Kd2 g6 47. Kd3 { Black resigns } 1-0

[Event "ICC tourney 2109 (75 10)"]
[Site "Internet Chess Club"]
[Date "2020.11.07"]
[Round "4"]
[White "FL2009"]
[Black "hpu2005"]
[Result "0-1"]
[ICCResult "White checkmated"]
[WhiteElo "1835"]
[BlackElo "1981"]
[Opening "Hungarian defense"]
[ECO "C50"]
[NIC "IG.03"]
[Time "18:02:31"]
[PlyCount "60"]
[TimeControl "4500+10"]

1. e4 e5 2. Nf3 Nc6 3. Bc4 Be7 4. O-O Nf6 5. Re1 d6 6. h3 O-O 7. c3 Nxe4 8.
Rxe4 d5 9. Bxd5 Qxd5 10. Re2 Bxh3 11. Qe1 Bg4 12. c4 Qc5 13. b4 Qb6 14. c5
Qa6 15. Re4 Bxf3 16. gxf3 f5 17. Re3 Nxb4 18. Qd1 Rf6 19. Qb3+ Kh8 20. d3
Bxc5 21. Re2 Nxd3 22. Be3 Bxe3 23. fxe3 Nc1 24. Qc2 Nxe2+ 25. Kf2 Rh6 26.
Qb2 Rh2+ 27. Ke1 Qg6 28. Qxb7 Rd8 29. Nd2 Qg1+ 30. Nf1 Qf2# { White
checkmated } 0-1

[Event "ICC tourney 2109 (75 10)"]
[Site "Internet Chess Club"]
[Date "2020.11.07"]
[Round "4"]
[White "wulovechess"]
[Black "chesslin"]
[Result "0-1"]
[ICCResult "White checkmated"]
[WhiteElo "1605"]
[BlackElo "1839"]
[Opening "Robatsch (modern) defense"]
[ECO "B06"]
[NIC "KF.05"]
[Time "18:01:49"]
[PlyCount "88"]
[TimeControl "4500+10"]

1. e4 g6 2. d4 Bg7 3. Nf3 d6 4. Bc4 Nf6 5. Nc3 O-O 6. O-O Nc6 7. e5 Ne8 8.
Bf4 Bg4 9. h3 Bxf3 10. Qxf3 dxe5 11. dxe5 Nxe5 12. Bxe5 Bxe5 13. Rad1 Qc8
14. Rfe1 Bxc3 15. Qxc3 e6 16. Re4 Nd6 17. Red4 Qe8 18. Bb3 Nb5 19. Ba4 Nxc3
20. Bxe8 Nxd1 21. Bb5 Rfd8 22. Rb4 Rd2 23. Rf4 Rxc2 24. Rd4 Rxb2 25. Bc4
Nc3 26. Kh2 Rxf2 27. Rd7 Rc8 28. a3 b5 29. Bb3 a5 30. Rd3 Ne4 31. Bd1 Rd2
32. Rxd2 Nxd2 33. Be2 b4 34. a4 b3 35. Bd3 c5 36. g3 c4 37. Be2 b2 38. Kg2
b1=Q 39. g4 Qe4+ 40. Kf2 Qf4+ 41. Kg2 Qe3 42. g5 Qxe2+ 43. Kg3 Nf1+ 44. Kf4
e5# { White checkmated } 0-1

[Event "ICC tourney 2109 (75 10)"]
[Site "Internet Chess Club"]
[Date "2020.11.07"]
[Round "4"]
[White "bg26723"]
[Black "Mozart1"]
[Result "1-0"]
[ICCResult "Black resigns"]
[WhiteElo "1901"]
[BlackElo "1823"]
[Opening "Giuoco Piano"]
[ECO "C54"]
[NIC "IG.02"]
[Time "18:02:06"]
[PlyCount "73"]
[TimeControl "4500+10"]

1. e4 e5 2. Nf3 Nc6 3. Bc4 Bc5 4. c3 Nf6 5. d4 exd4 6. cxd4 Bb4+ 7. Bd2
Nxe4 8. Bxb4 Nxb4 9. Bxf7+ Kxf7 10. Qb3+ d5 11. Ne5+ Ke6 12. Qxb4 Qf8 13.
Qxf8 Rxf8 14. O-O Kf6 15. f3 Nd6 16. Nc3 c6 17. Rae1 Be6 18. Re2 Nf5 19.
Rd1 Rac8 20. Na4 b6 21. b4 Rfe8 22. Kf2 Rc7 23. g4 Nd6 24. Rde1 Bc8 25. Rc2
Bb7 26. Nc3 c5 27. bxc5 bxc5 28. dxc5 Ne4+ 29. fxe4 Rxe5 30. exd5 Rce7 31.
Rxe5 Rxe5 32. c6 Ba8 33. Rb2 Re8 34. c7 Rc8 35. d6 Bc6 36. Rb8 Bd7 37. Nb5
{ Black resigns } 1-0

[Event "ICC tourney 2109 (75 10)"]
[Site "Internet Chess Club"]
[Date "2020.11.07"]
[Round "4"]
[White "cdj12417489"]
[Black "kwen2008"]
[Result "0-1"]
[ICCResult "White resigns"]
[WhiteElo "1255"]
[BlackElo "1699"]
[Opening "Ruy Lopez: exchange, Gligoric variation"]
[ECO "C69"]
[NIC "RL.08"]
[Time "18:01:56"]
[PlyCount "48"]
[TimeControl "4500+10"]

1. e4 e5 2. Nf3 Nc6 3. Bb5 a6 4. Bxc6 dxc6 5. O-O f6 6. d4 Bg4 7. Be3 exd4
8. Bxd4 Bxf3 9. gxf3 Bd6 10. Qe2 Qe7 11. Nd2 O-O-O 12. Qe3 Qd7 13. Bc3 Kb8
14. Nc4 Qf7 15. Nxd6 Rxd6 16. Rad1 Rxd1 17. Rxd1 Nh6 18. a3 f5 19. Kh1 fxe4
20. Rg1 Nf5 21. Qxe4 Re8 22. Qf4 g6 23. Qd2 Nh4 24. Re1 Qxf3+ { White
resigns } 0-1

[Event "ICC tourney 2109 (75 10)"]
[Site "Internet Chess Club"]
[Date "2020.11.07"]
[Round "4"]
[White "KittiesRock18"]
[Black "bonnelleo1"]
[Result "1/2-1/2"]
[ICCResult "Game drawn by mutual agreement"]
[WhiteElo "1826"]
[BlackElo "1899"]
[Opening "French: Two knights variation"]
[ECO "C00"]
[NIC "FR.01"]
[Time "18:02:00"]
[PlyCount "116"]
[TimeControl "4500+10"]

1. e4 e6 2. Nf3 d5 3. Nc3 dxe4 4. Nxe4 Be7 5. d4 Nf6 6. Nxf6+ Bxf6 7. Bc4
O-O 8. O-O Nc6 9. c3 e5 10. dxe5 Nxe5 11. Nxe5 Bxe5 12. Qc2 Bxh2+ 13. Kxh2
Qh4+ 14. Kg1 Qxc4 15. b3 Qg4 16. f3 Bf5 17. fxg4 Bxc2 18. Bf4 c6 19. Rfe1
Rfe8 20. Rxe8+ Rxe8 21. Kf2 f5 22. gxf5 Bxf5 23. Rd1 Kf7 24. a3 h6 25. Be3
a6 26. g3 Bg4 27. Rd4 h5 28. Rb4 b5 29. Rf4+ Kg6 30. c4 Be6 31. Re4 Rf8+
32. Bf4 Bf7 33. Ke3 bxc4 34. bxc4 Rd8 35. Bc7 Rd1 36. Rd4 Rxd4 37. Kxd4 Kf5
38. Kc5 Ke4 39. Kxc6 Bxc4 40. Kc5 Be2 41. Ba5 Kf3 42. Be1 Kg4 43. Kd4 Kf3
44. Kc5 Bb5 45. Kd4 g5 46. Ke5 Kg4 47. Ke4 h4 48. gxh4 gxh4 49. Ke3 h3 50.
Kf2 Bc6 51. Kg1 Kf3 52. Kh2 Ke2 53. Bh4 Bg2 54. Kg3 Kd3 55. a4 Ke2 56. a5
Kf1 57. Kh2 Ke2 58. Kg3 Kf1 { Game drawn by mutual agreement } 1/2-1/2

[Event "ICC tourney 2109 (75 10)"]
[Site "Internet Chess Club"]
[Date "2020.11.07"]
[Round "4"]
[White "chesslead"]
[Black "irisl"]
[Result "1-0"]
[ICCResult "Black checkmated"]
[WhiteElo "2097"]
[BlackElo "1504"]
[Opening "Giuoco Piano"]
[ECO "C50"]
[NIC "IG.02"]
[Time "18:02:00"]
[PlyCount "105"]
[TimeControl "4500+10"]

1. e4 e5 2. Nf3 Nc6 3. Bc4 Bc5 4. O-O Nf6 5. d3 d6 6. c3 a6 7. Nbd2 Ba7 8.
Bb3 O-O 9. h3 h6 10. Re1 Re8 11. Nf1 Ne7 12. Ng3 Ng6 13. d4 exd4 14. cxd4
c6 15. Qd3 Bd7 16. Be3 Rc8 17. Rad1 Bb8 18. d5 cxd5 19. Bxd5 Nxd5 20. Qxd5
Bc6 21. Qb3 Qd7 22. Qd3 Rcd8 23. Bb6 Bc7 24. Bxc7 Qxc7 25. Nf5 Ne5 26. Qb3
Nxf3+ 27. Qxf3 Kh7 28. Qc3 f6 29. Nd4 Qd7 30. Nxc6 Qxc6 31. Qd3 Kh8 32. Rc1
Qd7 33. Rcd1 d5 34. exd5 Rxe1+ 35. Rxe1 Qxd5 36. Re8+ Rxe8 37. Qxd5 Re1+
38. Kh2 b5 39. Qd6 Re2 40. Qd8+ Kh7 41. Qd3+ Kh8 42. Qxe2 Kg8 43. Qe6+ Kh8
44. Qxa6 b4 45. a4 bxa3 46. Qxa3 Kg8 47. b4 Kf7 48. b5 Kg8 49. b6 Kf7 50.
b7 Ke6 51. b8=Q Kd5 52. Qbd6+ Ke4 53. Qad3# { Black checkmated } 1-0

[Event "ICC tourney 2109 (75 10)"]
[Site "Internet Chess Club"]
[Date "2020.11.07"]
[Round "4"]
[White "orwind"]
[Black "IAlwaysWin"]
[Result "0-1"]
[ICCResult "White resigns"]
[WhiteElo "1615"]
[BlackElo "1957"]
[Opening "French: advance variation"]
[ECO "C02"]
[NIC "FR.03"]
[Time "18:02:35"]
[PlyCount "96"]
[TimeControl "4500+10"]

1. e4 e6 2. d4 d5 3. e5 c5 4. c3 Qb6 5. Nf3 Nc6 6. Be2 Bd7 7. O-O Nh6 8.
Bxh6 Qxb2 9. Bc1 Qxa1 10. Qc2 cxd4 11. Nfd2 dxc3 12. Nb3 Nb4 13. Nxa1 Nxc2
14. Nxc2 Rc8 15. Ba3 Ba4 16. Bxf8 Rxf8 17. Nba3 a6 18. Rb1 b5 19. Bd3 h6
20. Kf1 Ke7 21. Ke2 f6 22. exf6+ gxf6 23. f3 Rg8 24. g3 f5 25. Ke3 Kf6 26.
f4 h5 27. Kf3 h4 28. Re1 hxg3 29. hxg3 Bxc2 30. Nxc2 Rb8 31. a3 Rb6 32. Nd4
Rgb8 33. Rc1 Rc8 34. Ne2 a5 35. Rxc3 Rxc3 36. Nxc3 b4 37. axb4 Rxb4 38. Ke2
Rb2+ 39. Ke3 Ke7 40. Ne2 a4 41. Kd4 a3 42. Kc3 Kd6 43. Nc1 Rg2 44. Ne2 Rf2
45. Nd4 a2 46. Nb3 Rf3 47. Kd2 Rxg3 48. Na1 Rg1 { White resigns } 0-1

[Event "ICC tourney 2109 (75 10)"]
[Site "Internet Chess Club"]
[Date "2020.11.07"]
[Round "4"]
[White "pawnpush202044"]
[Black "canary2016"]
[Result "1-0"]
[ICCResult "Black resigns"]
[WhiteElo "1917"]
[BlackElo "1897"]
[Opening "QGD Slav defense"]
[ECO "D10"]
[NIC "SL.01"]
[Time "18:01:52"]
[PlyCount "53"]
[TimeControl "4500+10"]

1. c4 c6 2. d4 d5 3. Nc3 Nf6 4. e3 Bf5 5. Nf3 e6 6. cxd5 exd5 7. Bd3 Bxd3
8. Qxd3 Bd6 9. O-O O-O 10. e4 dxe4 11. Nxe4 Nxe4 12. Qxe4 Re8 13. Qg4 Nd7
14. Bg5 Qc7 15. Rfe1 Nf8 16. h4 Ne6 17. Re4 Nxg5 18. Nxg5 h6 19. Rae1 Rf8
20. Qh5 Qa5 21. a3 hxg5 22. hxg5 f6 23. Qh3 Qd5 24. g6 Rfd8 25. Qh7+ Kf8
26. Re6 Qxe6 27. Rxe6 { Black resigns } 1-0

[Event "ICC tourney 2109 (75 10)"]
[Site "Internet Chess Club"]
[Date "2020.11.07"]
[Round "4"]
[White "SparkyNinja"]
[Black "playerlucky"]
[Result "1/2-1/2"]
[ICCResult "Game drawn by mutual agreement"]
[WhiteElo "1565"]
[BlackElo "1817"]
[Opening "French: Tarrasch, closed variation, main line"]
[ECO "C06"]
[NIC "FR.17"]
[Time "18:02:09"]
[PlyCount "102"]
[TimeControl "4500+10"]

1. e4 e6 2. d4 d5 3. Nd2 Nf6 4. e5 Nfd7 5. Bd3 c5 6. c3 Nc6 7. Ne2 cxd4 8.
cxd4 f6 9. exf6 Nxf6 10. Nf3 Bd6 11. O-O O-O 12. Bg5 Qc7 13. a3 Ne4 14. Ng3
Rxf3 15. Bxe4 dxe4 16. gxf3 exf3 17. Rc1 h6 18. Be3 Qf7 19. Kh1 e5 20. dxe5
Bxe5 21. Qc2 Be6 22. b4 Bd5 23. Qf5 Qe7 24. Rcd1 Rf8 25. Qc2 Qe6 26. Rg1
Bb3 27. Qc1 Bxd1 28. Qxd1 a6 29. Qb1 Ne7 30. Qe4 Qd5 31. Qg4 Kh8 32. Qh3
Bf4 33. Bc5 Rf7 34. Nh5 Bg5 35. Qg3 Nf5 36. Qh3 Nh4 37. Qc8+ Kh7 38. Qg4
Qf5 39. Qxf5+ Nxf5 40. Ng3 Nxg3+ 41. hxg3 Rd7 42. Re1 Rd3 43. a4 Ra3 44. a5
Rb3 45. Re8 Rd3 46. Rb8 Rd7 47. Kh2 h5 48. Rf8 Bf6 49. Kg1 Kg6 50. Kh2 Rd2
51. Rb8 Rd7 { Game drawn by mutual agreement } 1/2-1/2

[Event "ICC tourney 2109 (75 10)"]
[Site "Internet Chess Club"]
[Date "2020.11.07"]
[Round "4"]
[White "mikoyansuren"]
[Black "xyzchessdude"]
[Result "1-0"]
[ICCResult "Black resigns"]
[WhiteElo "1994"]
[BlackElo "2000"]
[Opening "Old Benoni defense"]
[ECO "A43"]
[NIC "OI.09"]
[Time "18:01:49"]
[PlyCount "89"]
[TimeControl "4500+10"]

1. d4 c5 2. Nf3 cxd4 3. Nxd4 d5 4. g3 Nf6 5. Bg2 Nc6 6. O-O g6 7. c4 e5 8.
Nxc6 bxc6 9. Nc3 Bb7 10. cxd5 Nxd5 11. Nxd5 cxd5 12. Qb3 Qd7 13. Rd1 Rd8
14. Bd2 Bc6 15. Qc2 Rc8 16. Rac1 Bb7 17. Qd3 Rxc1 18. Bxc1 Bg7 19. Bh1 d4
20. Bxb7 Qxb7 21. Qa3 Qe7 22. Qa4+ Qd7 23. Qb4 Qc7 24. Bg5 f6 25. Rc1 Qd7
26. Bd2 Kf7 27. Qb3+ Ke8 28. Ba5 Rf8 29. Rc7 Qxc7 30. Bxc7 Rf7 31. Qb5+ Rd7
32. Qb8+ Ke7 33. Qxa7 e4 34. Qc5+ Ke8 35. Qc6 f5 36. Bd6 Bf6 37. Qd5 Rf7
38. Qa8+ Kd7 39. Qb7+ Ke8 40. Qc8+ Bd8 41. Qe6+ Be7 42. Bxe7 Rxe7 43. Qc8+
Kf7 44. Qc4+ Ke8 45. Qxd4 { Black resigns } 1-0

[Event "ICC tourney 2109 (75 10)"]
[Site "Internet Chess Club"]
[Date "2020.11.07"]
[Round "4"]
[White "TacticalVM"]
[Black "goodcrowdchess"]
[Result "0-1"]
[ICCResult "White checkmated"]
[WhiteElo "1655"]
[BlackElo "1686"]
[Opening "Ruy Lopez: closed, Chigorin defense"]
[ECO "C97"]
[NIC "RL.23"]
[Time "18:01:54"]
[PlyCount "120"]
[TimeControl "4500+10"]

1. e4 e5 2. Nf3 Nc6 3. Bb5 a6 4. Ba4 Nf6 5. O-O Be7 6. Re1 b5 7. Bb3 d6 8.
c3 O-O 9. h3 Na5 10. Bc2 c5 11. d4 Qc7 12. d5 c4 13. Nbd2 Nb7 14. Nf1 Nc5
15. Ng3 Bd7 16. Be3 Rfc8 17. Qd2 a5 18. a3 Qb7 19. Bg5 Bd8 20. Nh4 Ne8 21.
Ngf5 g6 22. Bxd8 Rxd8 23. Qg5 f6 24. Nh6+ Kg7 25. N4f5+ Bxf5 26. Nxf5+ Kh8
27. Qh6 Ng7 28. Nxg7 Qxg7 29. Qe3 Rab8 30. f4 Rf8 31. fxe5 fxe5 32. Rf1 Rb7
33. Qg5 Rbf7 34. Rxf7 Qxf7 35. Qg3 Kg7 36. Qe3 Qf6 37. Qe2 Qg5 38. Re1 Rf4
39. Qe3 Qe7 40. Rf1 Qf7 41. Rxf4 Qxf4 42. Qxf4 exf4 43. Kf2 Kf6 44. g4 g5
45. Kf3 Ke5 46. Bb1 Na4 47. Ke2 Nxb2 48. Bc2 Na4 49. Bxa4 bxa4 50. Kf3 h6
51. h4 gxh4 52. Kg2 Kxe4 53. Kf2 f3 54. Kf1 h3 55. Kg1 Ke3 56. Kh1 f2 57.
Kh2 f1=Q 58. Kg3 Qf2+ 59. Kxh3 Kf3 60. g5 Qg3# { White checkmated } 0-1

[Event "ICC tourney 2109 (75 10)"]
[Site "Internet Chess Club"]
[Date "2020.11.07"]
[Round "4"]
[White "bcooke01"]
[Black "Goldenmaknae"]
[Result "0-1"]
[ICCResult "White resigns"]
[WhiteElo "1708"]
[BlackElo "1864"]
[Opening "QGD Slav/Grünfeld: Schlechter variation"]
[ECO "D15"]
[NIC "SL.03"]
[Time "18:01:58"]
[PlyCount "112"]
[TimeControl "4500+10"]

1. d4 d5 2. c4 c6 3. Nc3 Nf6 4. Nf3 g6 5. Bf4 Bg7 6. e3 O-O 7. Rc1 h6 8. h4
b6 9. cxd5 Nxd5 10. Nxd5 Qxd5 11. Bc4 Qd8 12. Qd3 e6 13. e4 Bb7 14. Qe3 h5
15. e5 Qd7 16. Bg5 Na6 17. a3 Nc7 18. Nd2 Nd5 19. Qd3 Kh8 20. Ne4 c5 21.
Bb5 Bc6 22. Bxc6 Qxc6 23. Bf6 Nxf6 24. exf6 Bh6 25. Rd1 Rad8 26. Qc2 c4 27.
O-O Rc8 28. Rfe1 Rfd8 29. Qc3 Rd5 30. Qg3 Rcd8 31. Ng5 Bxg5 32. hxg5 Qd6
33. Qxd6 R8xd6 34. Re4 Rxg5 35. Rc1 b5 36. a4 a6 37. axb5 axb5 38. Ra1 Rf5
39. Ra8+ Kh7 40. Re5 Rxd4 41. Rxf5 gxf5 42. Rb8 Rd5 43. Rf8 Kg6 44. Rh8 f4
45. Rg8+ Kxf6 46. f3 Rd1+ 47. Kh2 Rb1 48. Rh8 Rxb2 49. Rxh5 c3 50. Rc5 c2
51. Kh3 b4 52. Kg4 b3 53. Kxf4 Rb1 54. Ke3 c1=Q+ 55. Rxc1 Rxc1 56. Kd2 b2 {
White resigns } 0-1

[Event "ICC tourney 2109 (75 10)"]
[Site "Internet Chess Club"]
[Date "2020.11.07"]
[Round "4"]
[White "andrewf2009"]
[Black "HarleyQueen8"]
[Result "0-1"]
[ICCResult "White resigns"]
[WhiteElo "1732"]
[BlackElo "1903"]
[Opening "Sicilian: Richter-Rauzer, Rauzer attack, 7...a6 defense, 9...Be7"]
[ECO "B68"]
[NIC "SI.30"]
[Time "18:01:51"]
[PlyCount "58"]
[TimeControl "4500+10"]

1. e4 c5 2. Nf3 d6 3. d4 cxd4 4. Nxd4 Nf6 5. Nc3 Nc6 6. Bg5 e6 7. Qd2 a6 8.
O-O-O Bd7 9. f4 Be7 10. Bc4 b5 11. Bb3 b4 12. Nce2 Nxe4 13. Bxe7 Qxe7 14.
Qe3 Nc5 15. Nf3 Na5 16. Qd4 Naxb3+ 17. axb3 O-O 18. Rhe1 a5 19. g4 a4 20.
bxa4 Rxa4 21. b3 Ra6 22. f5 Bc6 23. Nd2 Rfa8 24. Nb1 Bd5 25. Nf4 Bxb3 26.
Nh5 Qg5+ 27. Re3 Bxc2 28. Rd2 e5 29. Qc4 Qxe3 { White resigns } 0-1

[Event "ICC tourney 2109 (75 10)"]
[Site "Internet Chess Club"]
[Date "2020.11.07"]
[Round "4"]
[White "corviknight"]
[Black "chessmilano"]
[Result "1-0"]
[ICCResult "Black resigns"]
[WhiteElo "1813"]
[BlackElo "1718"]
[Opening "French: Rubinstein, Capablanca line"]
[ECO "C10"]
[NIC "FR.07"]
[Time "18:02:00"]
[PlyCount "101"]
[TimeControl "4500+10"]

1. e4 e6 2. d4 d5 3. Nc3 dxe4 4. Nxe4 Nd7 5. Nf3 Ngf6 6. Nxf6+ Nxf6 7. Ne5
h6 8. c3 Bd6 9. Bf4 O-O 10. Bd3 Bd7 11. O-O Bc6 12. Nxc6 bxc6 13. Bg3 c5
14. Be2 Bxg3 15. hxg3 cxd4 16. cxd4 Qd6 17. Rc1 Rab8 18. b3 Rb4 19. Rc4
Rfb8 20. Qc2 Rxc4 21. Qxc4 Rb4 22. Qc5 Qxc5 23. dxc5 Rd4 24. Rd1 Rxd1+ 25.
Bxd1 Ne4 26. b4 Nc3 27. Bb3 Kf8 28. Kf1 Ke7 29. Ke1 Kf6 30. Kd2 Nd5 31. b5
Ke5 32. Kd3 Nb4+ 33. Kc4 Nd5 34. a4 g5 35. a5 f5 36. Kd3 Nb4+ 37. Kc3 Nd5+
38. Bxd5 Kxd5 39. b6 cxb6 40. cxb6 axb6 41. axb6 Kc6 42. Kd4 h5 43. f4 gxf4
44. gxf4 h4 45. Ke5 Kxb6 46. Kxe6 Kc5 47. Kxf5 Kd4 48. Kg5 Ke4 49. f5 Ke5
50. f6 Ke6 51. Kg6 { Black resigns } 1-0

[Event "ICC tourney 2109 (75 10)"]
[Site "Internet Chess Club"]
[Date "2020.11.07"]
[Round "4"]
[White "Priccchess"]
[Black "drberkley"]
[Result "1/2-1/2"]
[ICCResult "Game drawn by mutual agreement"]
[WhiteElo "1789"]
[BlackElo "1916"]
[Opening "Pirc: classical (two knights) system"]
[ECO "B08"]
[NIC "PU.10"]
[Time "18:01:59"]
[PlyCount "182"]
[TimeControl "4500+10"]

1. e4 d6 2. Nf3 Nf6 3. Nc3 g6 4. d4 Bg7 5. Be3 O-O 6. h3 a6 7. Bd3 b5 8. a3
Bb7 9. Qd2 Nbd7 10. Bh6 e5 11. Bxg7 Kxg7 12. dxe5 dxe5 13. Qe3 Qe7 14. O-O
Rfe8 15. Rad1 Qc5 16. Qxc5 Nxc5 17. Rfe1 Bc6 18. Nd2 Rad8 19. Re3 Nxd3 20.
cxd3 Rd6 21. b4 Red8 22. Nb3 Nd7 23. f3 Nb6 24. Ree1 Rxd3 25. Nc5 Rxd1 26.
Rxd1 Ra8 27. Nb3 Nc4 28. Nb1 Kf6 29. Rc1 Be8 30. N1d2 Nxd2 31. Nxd2 Rd8 32.
Nb3 c6 33. Kf2 Rd3 34. Rb1 Ke7 35. Ke2 Rc3 36. Kd2 Rc4 37. Rc1 Rxc1 38.
Kxc1 Bd7 39. Nc5 Bc8 40. Kd2 h5 41. h4 Kf6 42. Ke3 g5 43. g3 gxh4 44. gxh4
Ke7 45. Nd3 Kd6 46. Nc5 a5 47. Nd3 axb4 48. axb4 Bh3 49. Nc5 Bf1 50. Nb7+
Kd7 51. Nc5+ Kc8 52. Nb3 Bc4 53. Nc5 Kd8 54. Nb7+ Kc7 55. Nc5 Kc8 56. Na6
Kd7 57. Nc5+ Ke7 58. Nb7 Kf6 59. Nc5 Kg6 60. Nd7 f6 61. Nb8 c5 62. bxc5 Be6
63. c6 Kf7 64. c7 Bc8 65. Nc6 Ke6 66. Na7 Kd7 67. Nxb5 Ba6 68. Nc3 Bc4 69.
f4 Kxc7 70. Nb1 Kd6 71. Nd2 Bf7 72. fxe5+ fxe5 73. Nf3 Bg8 74. Kd3 Ba2 75.
Ng5 Bg8 76. Kc3 Kc5 77. Kd3 Kd6 78. Ke3 Kc5 79. Nf3 Kd6 80. Nd2 Ba2 81. Nf1
Bf7 82. Ng3 Ke6 83. Kd3 Kf6 84. Kc3 Ke6 85. Kb4 Kd6 86. Nf5+ Ke6 87. Kc5
Bg6 88. Nd6 Bh7 89. Kc6 Bg6 90. Kc5 Bh7 91. Kc6 Bg6 { Game drawn by mutual
agreement } 1/2-1/2

[Event "ICC tourney 2109 (75 10)"]
[Site "Internet Chess Club"]
[Date "2020.11.07"]
[Round "4"]
[White "rmauskopf24"]
[Black "RisingRook"]
[Result "0-1"]
[ICCResult "White resigns"]
[WhiteElo "1709"]
[BlackElo "1947"]
[Opening "Nimzo-Indian defense"]
[ECO "E20"]
[NIC "NI.30"]
[Time "18:01:49"]
[PlyCount "62"]
[TimeControl "4500+10"]

1. d4 Nf6 2. c4 e6 3. Nc3 Bb4 4. Bd2 c5 5. Nf3 d5 6. cxd5 exd5 7. a3 Bxc3
8. Bxc3 cxd4 9. Nxd4 O-O 10. e3 Ne4 11. Rc1 Qh4 12. g3 Qf6 13. Qe2 Bg4 14.
f3 Nxc3 15. Rxc3 Bf5 16. Nxf5 Qxf5 17. Bg2 Nc6 18. Qd3 Qf6 19. Qxd5 Rad8
20. Qb3 Nd4 21. Qxb7 Rb8 22. Qd5 Rfd8 23. Qe4 Re8 24. Qf4 Qb6 25. Bh3 Qxb2
26. Qxd4 Qa1+ 27. Ke2 Qxh1 28. Bd7 Qg2+ 29. Kd3 Qf1+ 30. Kd2 Rb2+ 31. Rc2
Qf2+ { White resigns } 0-1

[Event "ICC tourney 2109 (75 10)"]
[Site "Internet Chess Club"]
[Date "2020.11.07"]
[Round "4"]
[White "vishalanil"]
[Black "SridharCCA70"]
[Result "1-0"]
[ICCResult "Black resigns"]
[WhiteElo "1852"]
[BlackElo "1561"]
[Opening "Sicilian: Nimzovich-Rubinstein variation"]
[ECO "B29"]
[NIC "SI.43"]
[Time "18:02:26"]
[PlyCount "121"]
[TimeControl "4500+10"]

1. e4 c5 2. Nf3 Nf6 3. e5 Nd5 4. b3 e6 5. c4 Nb6 6. Bb2 Be7 7. Nc3 O-O 8.
Ne4 d5 9. exd6 Bxd6 10. d4 Be7 11. dxc5 Qxd1+ 12. Rxd1 N6d7 13. Bd4 Nc6 14.
Be3 b6 15. cxb6 axb6 16. Bd3 Bb4+ 17. Bd2 Rxa2 18. O-O Bxd2 19. Nfxd2 Nb4
20. Bb1 Ra3 21. Nd6 Ba6 22. Be4 Nc5 23. Bf3 Rd8 24. Nb5 Bxb5 25. Nb1 Raa8
26. Bxa8 Rxa8 27. cxb5 g6 28. Nc3 Ra3 29. Rb1 Nxb3 30. Rb2 Nc5 31. Rxb4
Rxc3 32. Ra1 Kg7 33. g3 Rc2 34. Rd1 e5 35. f3 f5 36. Rd6 e4 37. fxe4 fxe4
38. Rb1 e3 39. Re1 e2 40. Rd4 Rb2 41. Kf2 Rxb5 42. Rxe2 Rb3 43. h4 Nd3+ 44.
Kg2 Nc5 45. g4 Kf7 46. Rf4+ Kg8 47. Re8+ Kg7 48. Re7+ Kg8 49. g5 Rb2+ 50.
Kh3 Rb3+ 51. Kg4 Nd3 52. Rf6 Rb4+ 53. Kg3 Nc5 54. Rc6 Rb3+ 55. Kf2 Rb2+ 56.
Ke3 Rb3+ 57. Kd2 Rf3 58. Rxb6 Rf8 59. Ke3 Na4 60. Rbb7 Nc5 61. Rg7+ { Black
resigns } 1-0